Map: Ulrena

Players

Shann - Winner!

  • Race: Terran Terran
  • League: Gold

capac

  • Race: Terran Terran
  • League: Gold

VOD

Have the link to the VOD?

Description

Time

  • Played on: March 6, 2016, 12:33 p.m.
  • Length: 15:38
Show
View Real Time Build Order
Export as new Build Order

Shann Terran - Winner!

Build Orders:  

Get SALT Encoding   

  12  0:01  SCV  
  13  0:14  Supply Depot  
  13  0:17  SCV  
  14  0:29  SCV  
  15  0:40  Barracks  
  15  0:43  SCV  
  16  0:50  Refinery  
  16  0:55  SCV  
  17  1:08  SCV  
  18  1:21  SCV  
  19  1:28  Marine  
  19  1:29  Supply Depot  
  20  1:38  Orbital Command  
  20  1:46  Marine  
  20  2:02  Command Center  
  20  2:05  SCV  
  21  2:10  Marine  
  22  2:20  SCV  
  23  2:32  Factory  
  23  2:34  SCV  
  23  2:35  Refinery  
  23  2:36  Marine  
  25  2:46  SCV  
  26  2:53  Engineering Bay  
  26  2:56  Marine  
  27  2:58  SCV  
  28  3:10  SCV  
  29  3:17  Factory Tech Lab  
  29  3:20  Missile Turret  
  29  3:25  Starport  
  28  3:31  Factory  
  28  3:39  SCV  
  28  3:41  Barracks Tech Lab  
  29  3:47  Siege Tank  
  32  3:51  Refinery x2  
  32  3:54  SCV  
  33  4:02  Orbital Command  
  33  4:06  SCV  
  34  4:13  Viking  
  36  4:19  SCV  
  37  4:29  SCV  
  37  4:31  Missile Turret, SCV  
  39  4:32  Factory Tech Lab  
  39  4:41  SCV  
  39  4:43  SCV  
  39  4:44  Siege Tank  
  44  4:53  SCV  
  44  4:54  Armory  
  44  4:59  SCV  
  46  5:11  Command Center  
  46  5:26  Supply Depot  
  46  5:27  Supply Depot, Missile Turret  
  46  5:28  Starport Reactor  
  46  5:30  Barracks Reactor  
  46  5:47  Siege Tank, SCV x2  
  51  5:53  Starport  
  51  5:56  Terran Ship Weapons Level 1  
  51  5:58  Fusion Core  
  51  5:59  SCV x2  
  53  6:11  SCV  
  53  6:12  SCV  
  53  6:14  Hellion  
  57  6:19  Viking  
  57  6:24  SCV x2  
  61  6:29  SCV  
  62  6:36  SCV x2  
  62  6:37  Starport  
  62  6:38  Supply Depot, Starport  
  64  6:41  Liberator  
  64  6:44  Orbital Command  
  64  6:48  SCV x2  
  64  6:50  Refinery  
  66  6:59  Viking  
  66  7:00  SCV x2  
  73  7:04  Armory  
  73  7:12  SCV x2  
  73  7:13  SCV  
  73  7:14  Refinery  
  76  7:23  Siege Tank  
  76  7:24  Hellion, SCV  
  82  7:33  Supply Depot, Missile Turret x2  
  82  7:37  Starport Tech Lab x2  
  82  7:39  Supply Depot x2  
  82  7:42  Weapon Refit  
  82  7:44  SCV  
  83  7:49  SCV  
  83  7:50  Terran Vehicle And Ship Armor Level 1  
  84  7:55  Hellion  
  84  7:57  Terran Ship Weapons Level 2  
  86  8:00  Supply Depot x2, Starport Tech Lab  
  86  8:19  Battlecruiser  
  92  8:23  Hi-Sec Auto Tracking  
  92  8:37  Banshee  
  92  8:40  Command Center  
  95  8:44  Command Center  
  95  8:47  Starport  
  95  8:50  Starport  
  95  8:57  Battlecruiser  
  101  9:03  Supply Depot  
  101  9:21  Battlecruiser  
  103  9:36  Starport Tech Lab x2  
  103  9:37  Battlecruiser  
  110  9:38  SCV  
  110  9:51  Hellion x2  
  114  9:55  Planetary Fortress  
  114  9:57  Refinery  
  114  10:00  Battlecruiser  
  114  10:04  Orbital Command  
  120  10:07  Refinery  
  120  10:12  Battlecruiser, Hellion  
  128  10:17  Terran Vehicle And Ship Armor Level 2  
  128  10:19  Hellion  
  130  10:34  Hellion  
  130  10:40  Battlecruiser  
  130  10:41  Hellion  
  138  10:54  Command Center  
  138  10:55  Hellion  
  140  10:58  Command Center  
  140  11:02  Hellion  
  142  11:07  SCV x2  
  144  11:13  Battlecruiser  
  144  11:16  Hellion  
  152  11:22  Infernal Pre-Igniter  
  152  11:23  Hellion  
  148  11:46  Battlecruiser x2  
  153  11:47  Hellion x2  
  153  11:51  Terran Ship Weapons Level 3  
  157  12:09  Hellion x2  
  135  12:30  Hellion x2  
  133  12:40  Banshee x2  
  133  12:41  Battlecruiser  
  143  12:50  Battlecruiser  
  149  12:51  Hellion x2  
  145  13:13  Hellion x2  
  145  13:18  Battlecruiser  
  155  13:23  Battlecruiser  
  161  13:34  Hellion x2  
  153  13:56  Hellion x2  
  157  14:13  Orbital Command  
  157  14:14  Orbital Command  
  157  14:17  Hellion  
  157  14:18  Hellion  
  161  14:39  Hellion x2  
  163  14:53  Banshee  
  178  15:00  Hellion  
Show
View Real Time Build Order
Export as new Build Order

capac Terran 

Build Orders: Bio Tank 

Get SALT Encoding   

  12  0:01  SCV  
  13  0:13  SCV  
  14  0:18  Supply Depot  
  14  0:25  SCV  
  15  0:39  SCV  
  15  0:42  Barracks  
  16  0:46  Refinery  
  16  0:51  SCV  
  17  1:04  SCV  
  18  1:16  SCV  
  19  1:35  Command Center  
  19  1:37  Marine  
  20  1:52  Supply Depot  
  20  1:59  Barracks Reactor  
  19  2:03  SCV  
  20  2:15  Factory  
  20  2:20  Orbital Command  
  19  2:35  Marine x2  
  21  2:47  SCV  
  21  2:50  Refinery  
  22  2:56  Orbital Command  
  22  2:59  Marine  
  22  3:00  SCV  
  24  3:07  Marine  
  24  3:10  Factory Tech Lab  
  25  3:20  Starport  
  25  3:26  Marine x2  
  27  3:34  Siege Tank  
  27  3:39  SCV  
  31  3:42  SCV  
  32  3:51  SCV  
  32  3:54  SCV  
  34  3:58  Barracks  
  34  4:01  Medivac  
  36  4:03  SCV  
  36  4:06  SCV  
  36  4:07  Engineering Bay  
  38  4:18  Marine  
  38  4:19  Marine  
  38  4:20  Siege Tank  
  38  4:22  SCV  
  38  4:24  SCV  
  45  4:39  Missile Turret  
  45  4:50  Supply Depot  
  45  4:54  Barracks Tech Lab  
  45  5:06  Command Center  
  45  5:10  Missile Turret  
  45  5:11  Medivac  
  47  5:16  Stimpack  
  47  5:21  SCV x2  
  49  5:24  Supply Depot  
  49  5:34  Barracks  
  49  5:36  SCV  
  49  5:37  SCV  
  49  5:41  Siege Tank, Missile Turret  
  54  5:47  Starport Reactor  
  54  5:51  Marine x3  
  57  5:58  SCV x2  
  59  6:04  Supply Depot  
  59  6:07  Supply Depot  
  59  6:10  SCV x2  
  61  6:11  Marine  
  61  6:16  Missile Turret  
  61  6:17  Marine x2  
  64  6:27  Medivac x2  
  64  6:29  Marine  
  64  6:32  Refinery  
  69  6:33  Refinery, SCV x2  
  69  6:35  Marine  
  72  6:42  Marine  
  72  6:43  Missile Turret  
  72  6:44  Barracks Reactor  
  73  6:47  Marine  
  73  6:51  Siege Tank  
  73  6:52  Marine  
  73  6:53  SCV x2  
  80  6:54  Barracks  
  80  7:03  Orbital Command  
  80  7:05  SCV x2  
  80  7:07  Missile Turret  
  82  7:15  Marine x3  
  83  7:21  Supply Depot  
  85  7:23  Combat Shields  
  85  7:24  Marine  
  85  7:25  Marine  
  85  7:28  SCV x2  
  89  7:32  Supply Depot  
  89  7:33  Marine  
  89  7:35  SCV  
  91  7:40  Siege Tank, SCV  
  91  7:43  Barracks Reactor  
  95  7:49  Supply Depot, Liberator  
  95  7:53  Liberator  
  95  7:57  Barracks  
  95  7:58  Supply Depot  
  95  8:00  SCV x3  
  95  8:01  Marine  
  95  8:02  Marine x3  
  108  8:15  SCV  
  108  8:16  SCV x2  
  111  8:22  Supply Depot  
  111  8:23  Marine x2  
  111  8:24  Marine x2  
  111  8:25  Marine  
  116  8:28  Siege Tank  
  119  8:49  Supply Depot  
  119  8:50  Barracks Reactor  
  119  8:52  Starport  
  119  8:53  Medivac x2  
  123  9:03  Siege Tank  
  123  9:06  Marine x5  
  123  9:07  Marine x2  
  131  9:41  Medivac x2  
  131  9:44  Marine x2  
  131  9:45  Marine x6  
  141  9:47  Starport Reactor  
  141  9:49  Siege Tank  
  146  10:01  Supply Depot  
  146  10:05  Liberator x2  
  146  10:06  Supply Depot  
  146  10:07  Marine  
  146  10:08  Marine x6  
  146  10:10  Marine  
  146  10:11  Marine, Liberator x2  
  155  10:20  SCV x2  
  155  10:21  Refinery  
  157  10:22  Refinery, SCV  
  164  10:32  Terran Infantry Weapons Level 1, Supply Depot  
  164  10:34  Supply Depot  
  170  10:40  Engineering Bay, Armory  
  170  10:44  SCV x3  
  170  10:45  Missile Turret  
  173  10:53  Liberator x2  
  173  10:56  Supply Depot  
  173  10:58  Marine x2  
  173  10:59  Marine x5  
  173  11:00  Marine x2  
  173  11:01  Liberator  
  191  11:25  Terran Infantry Armor Level 1  
  191  11:28  Terran Ship Weapons Level 1  
  191  11:36  Liberator  
  191  11:37  Liberator  
  187  12:18  Liberator x2  
  187  12:19  Liberator  
  110  12:33  Liberator  
  110  12:36  Marine  
  110  12:37  Marine x6  
  106  12:38  Marine x2  
  102  12:46  Thor  
  105  12:54  Marine x2  
  105  12:55  Marine x2  
  109  13:01  Marine x2  
  109  13:02  Marine x3  
  110  13:12  Marine x3  
  106  13:13  Marine  
  106  13:19  Marine x4  
  102  13:20  Marine  
  68  13:41  Viking x4  
  54  13:58  Thor  
  56  14:11  Viking x4  
  63  14:41  Viking x4  
Tags
 
Composition
Bio Tank
League
GoldGold
Matchup
TvT
Race
Terran
Add a new tag
Caveats
  • Supply blocks, unpowered buildings, or Contaminate may cause inaccurate times.
  • Supply counts are checked every 10 seconds.